 Dungeon Crawl Stone Soup version 0.20.1-1-g8b1a95d (console) character file.

5327 hilaritas the Archer (level 10, -7/93 HPs)
             Began as a Centaur Hunter on Jan 19, 2018.
             Was an Elder of Okawaru.
             Mangled by a komodo dragon (10 damage)
             ... on level 8 of the Dungeon.
             The game lasted 00:34:18 (9977 turns).

hilaritas the Archer (Centaur Hunter)               Turns: 9977, Time: 00:34:19

Health: -7/93      AC: 11    Str: 17    XL:     10   Next: 38%
Magic:  12/14      EV: 12    Int: 12    God:    Okawaru [****..]
Gold:   195        SH:  0    Dex: 11    Spells: 9/9 levels left

rFire    + + .     SeeInvis .   C - +0 battleaxe (venom)
rCold    + . .     Gourm    .   (shield currently unavailable)
rNeg     . . .     Faith    .   z - +1 ring mail {rC+}
rPois    .         Spirit   .   (no helmet)
rElec    .         Reflect  .   (no cloak)
rCorr    .         Harm     .   e - +1 pair of gloves
MR       .....     Clarity  +   (no barding)
Stlth    ++........             (no amulet)
Regen    0.3/turn               y - ring of protection from fire
MPRegen  0.2/turn               (no ring)

@: heroism, very quick
A: hooves 3, blink, clarity, clever 1, deformed body, fire resistance 1, speed
2, tough skin 3
a: Blink, Heroism, Renounce Religion


You were on level 8 of the Dungeon.
You worshipped Okawaru.
Okawaru was greatly pleased with you.
You were not hungry.

You visited 2 branches of the dungeon, and saw 9 of its levels.

You collected 573 gold pieces.
You spent 378 gold pieces at shops.

Inventory:

Hand Weapons
 a - a +2 shortbow of velocity
 C - a +0 battleaxe of venom (weapon)
Missiles
 d - 83 arrows
Armour
 e - a +1 pair of gloves (worn)
 z - a +1 ring mail of cold resistance (worn)
Jewellery
 m - an uncursed ring of ice
 v - an uncursed ring of resist corrosion
 x - an uncursed ring of fire
 y - a ring of protection from fire (left hand)
Wands
 g - a wand of acid (8/15)
 w - a wand of random effects (36/48)
Scrolls
 k - a scroll of enchant weapon
 n - 4 scrolls of amnesia
 s - 3 scrolls of enchant armour
 A - a scroll of remove curse
 B - 3 scrolls of blinking
 F - 2 scrolls of magic mapping
Potions
 j - a potion of magic
 l - 3 potions of lignification
 o - 2 potions of flight
 p - 3 potions of haste
 q - 12 potions of curing
 r - 3 potions of mutation
 t - 3 potions of brilliance {unknown}
 u - a potion of cancellation {unknown}
 E - a potion of might {unknown}
Comestibles
 c - a meat ration
 f - 6 bread rations
 h - 2 fruits
 i - 7 royal jellies
 D - a chunk of flesh


   Skills:
 - Level 10.0(15.0) Fighting
 - Level 10.0(15.0) Bows
 - Level 5.0(10.0) Armour
 * Level 3.3(8.3) Dodging
 - Level 0.4(5.4) Stealth
 * Level 6.6 Invocations


You had 9 spell levels left.
You didn't know any spells.

Dungeon Overview and Level Annotations

Branches:
Dungeon (8/15)             Temple (1/1) D:4            Lair (0/6) D:8

Altars:
Ashenzari
Cheibriados
Dithmenos
Elyvilon
Fedhas
Gozag
Hepliaklqana
Kikubaaqudgha
Makhleb
Nemelex Xobeh
Okawaru
Qazlal
Ru
Sif Muna
Trog
Uskayaw
Vehumet
Xom
Yredelemnul
Zin
The Shining One
Lugonu

Shops:
D:7 ?


Innate Abilities, Weirdness & Mutations

You have hooves in place of feet.
Armour fits poorly on your strangely shaped body.
You cover ground very quickly.
You have extremely tough skin. (AC +3)
You can translocate small distances at will.
You possess an exceptional clarity of mind.
Your mind is acute. (Int +2)
Your flesh is heat resistant. (rF+)


Message History

You closely miss the komodo dragon. You kick the komodo dragon.
The komodo dragon is almost dead.
The komodo dragon bites you!!
The komodo dragon bites you but does no damage.
You gain the combat prowess of a mighty hero.
The komodo dragon bites you!!
* * * LOW HITPOINT WARNING * * *
You barely miss the komodo dragon.
The komodo dragon is almost dead.
The komodo dragon closely misses you.
You hit the komodo dragon.
The komodo dragon is poisoned.
The komodo dragon is almost dead.
The komodo dragon bites you.
* * * LOW HITPOINT WARNING * * *
The komodo dragon closely misses you.
You hit the komodo dragon.
The komodo dragon looks as sick as possible!
The komodo dragon is almost dead.
The komodo dragon bites you!
You die...

.....# .....# .....#
.....# .# .....# .#
.....# #.## .....#
#...##
.....############....P##
..(......).....#.....PP#
##############.#....PPP#
#..@..PPPP#


#..l.PPPPP# #.(.(PPPPP# ##..P...PP# #.PP..>.P# ##PPP!..P# #.PPPPPP# ##PPPPP##
###### You could see a komodo dragon.

Vanquished Creatures
  The ghost of hilaritas the Grappler, a novice TrHu (D:7)
  Pikel (D:6)
  Grinder (D:5)
  A hippogriff (D:7)
  4 hogs (D:7)
  A hungry ghost (D:8)
  A human (D:7)
  Menkaure (D:4)
  Edmund (D:4)
  A water moccasin (D:7)
  Duvessa (D:5)
  Purgy (D:4)
  6 ice beasts
  3 slaves (D:6)
  2 orc warriors
  A sky beast (D:7)
  3 ogres
  2 centaurs
  2 bullfrogs
  Dowan (D:5)
  A water moccasin skeleton (D:6)
  A scorpion (D:6)
  5 wights (D:7)
  2 crimson imps
  A howler monkey (D:7)
  3 hounds
  A centaur zombie (D:6)
  A jelly (D:7)
  6 orc wizards
  3 orc priests
  A bullfrog skeleton (D:6)
  A gnoll shaman (D:7)
  Ijyb (D:4)
  6 worker ants
  A hound zombie (D:5)
  A worker ant zombie (D:8)
  2 howler monkey zombies
  4 gnolls (D:7)
  5 adders
  2 shadow imps (D:8)
  2 oozes
  3 adder skeletons
  An adder zombie (D:5)
  4 worms
  2 dart slugs
  7 leopard geckos
  28 orcs
  6 giant cockroaches
  8 goblins
  8 hobgoblins
  8 jackals (D:1)
  4 quokkas
  A ball python (D:6)
  A ball python skeleton (D:5)
  4 bats (D:1)
  5 frilled lizards
  6 kobolds
  A leopard gecko skeleton (D:5)
  A leopard gecko zombie (D:7)
  13 rats
196 creatures vanquished.

Vanquished Creatures (others)
  2 plants (D:8)
2 creatures vanquished.

Grand Total: 198 creatures vanquished

Notes
Turn   | Place    | Note
-------+----------+-------------------------------------------
     0 | D:1      | hilaritas the Centaur Hunter began the quest for the Orb.
     0 | D:1      | Reached XP level 1. HP: 17/17 MP: 1/1
    23 | D:1      | Reached XP level 2. HP: 22/24 MP: 2/2
   147 | D:1      | Reached XP level 3. HP: 15/30 MP: 3/3
  1019 | D:2      | Found a faded altar of an unknown god.
  1421 | D:2      | You fall through a shaft!
  1533 | D:3      | Reached XP level 4. HP: 37/37 MP: 4/4
  1539 | D:3      | Found a snail-covered altar of Cheibriados.
  1606 | D:3      | Found a shimmering altar of Xom.
  1607 | D:3      | Found a hazy altar of Hepliaklqana.
  1608 | D:3      | Noticed a spectral ugly thing
  2103 | D:2      | Found a glowing silver altar of Zin.
  2368 | D:4      | Reached XP level 5. HP: 28/45 MP: 5/5
  2891 | D:4      | Noticed Menkaure
  2898 | D:4      | Noticed Edmund
  2901 | D:4      | Killed Menkaure
  2901 | D:4      | Reached XP level 6. HP: 16/51 MP: 6/6
  2909 | D:4      | HP: 5/51 [Edmund/dire flail of holy wrath (9)]
  2915 | D:4      | Killed Edmund
  3191 | D:4      | Noticed Purgy
  3206 | D:4      | Killed Purgy
  3206 | D:4      | Reached skill level 10 in Bows
  3354 | D:4      | Found a staircase to the Ecumenical Temple.
  3461 | D:4      | Reached XP level 7. HP: 43/59 MP: 7/7
  3784 | D:4      | Noticed Ijyb
  3792 | D:4      | Killed Ijyb
  4036 | D:4      | Reached skill level 1 in Armour
  4263 | Temple   | Entered the Ecumenical Temple
  4292 | Temple   | Became a worshipper of Warmaster Okawaru
  4341 | D:5      | Entered Level 5 of the Dungeon
  4404 | D:5      | Reached skill level 5 in Fighting
  4527 | D:5      | Noticed Grinder
  4534 | D:5      | Found an ancient bone altar of Kikubaaqudgha.
  4534 | D:5      | Found a deep blue altar of Sif Muna.
  4540 | D:5      | Killed Grinder
  4540 | D:5      | Reached skill level 1 in Invocations
  4540 | D:5      | Reached XP level 8. HP: 51/70 MP: 8/8
  4630 | D:5      | Found a radiant altar of Vehumet.
  4646 | D:5      | Identified Sif Muna's Papyrus of Moulding
  4724 | D:5      | Noticed Duvessa
  4725 | D:5      | Noticed Dowan
  4734 | D:5      | Killed Duvessa
  4738 | D:5      | Killed Dowan
  5081 | D:5      | Reached * piety under Okawaru
  6343 | D:6      | Noticed Pikel
  6353 | D:6      | Killed Pikel
  6353 | D:6      | Reached ** piety under Okawaru
  6353 | D:6      | Reached XP level 9. HP: 65/82 MP: 11/11
  7563 | D:7      | Reached skill level 10 in Fighting
  7573 | D:7      | Reached *** piety under Okawaru
  7957 | D:7      | Reached skill level 5 in Invocations
  8265 | D:7      | Found a glowing golden altar of the Shining One.
  8314 | D:7      | Noticed hilaritas's ghost (novice TrHu)
  8338 | D:7      | Killed hilaritas's ghost
  8338 | D:7      | Received a gift from Okawaru
  8338 | D:7      | Reached XP level 10. HP: 29/93 MP: 10/14
  8576 | D:7      | Reached **** piety under Okawaru
  8718 | D:7      | Reached skill level 5 in Armour
  8783 | D:7      | Found Laobb's Magic Scroll Boutique.
  8812 | D:7      | Bought a scroll of brand weapon for 280 gold pieces
  8812 | D:7      | Bought a scroll of magic mapping for 49 gold pieces
  8812 | D:7      | Bought a scroll of magic mapping for 49 gold pieces
  8864 | D:7      | Received a gift from Okawaru
  9266 | D:7      | Found a blossoming altar of Fedhas.
  9267 | D:7      | Found a hide-covered altar of Uskayaw.
  9268 | D:7      | Found a stormy altar of Qazlal.
  9270 | D:7      | Found a shattered altar of Ashenzari.
  9272 | D:7      | Found a sacrificial altar of Ru.
  9273 | D:7      | Found a glowing golden altar of the Shining One.
  9346 | D:7      | Gained mutation: You possess an exceptional clarity of mind. [potion of mutation]
  9346 | D:7      | Gained mutation: Your flesh is heat resistant. (rF+) [potion of mutation]
  9346 | D:7      | Gained mutation: You can translocate small distances at will. [potion of mutation]
  9346 | D:7      | Gained mutation: Your mind is acute. (Int +2) [potion of mutation]
  9941 | D:8      | Found a staircase to the Lair.
  9974 | D:8      | HP: 5/93 [komodo dragon (28)]
  9977 | D:8      | Mangled by a komodo dragon

Skill      XL: |  1  2  3  4  5  6  7  8  9 10 |
---------------+-------------------------------+-----
Bows           | 6 8 9 10 | 10.0
Fighting       | 3 4 6 8 10 | 10.0
Armour         | 1 2 4 5 |  5.0
Invocations    | 1 3 5 6 |  6.6
Dodging        | 2 3 |  3.3
Stealth        | |  0.4

Action                   |  1- 3 |  4- 6 |  7- 9 | 10-12 || total
-------------------------+-------+-------+-------+-------++-------
Melee: Short sword       |    74 |    53 |    24 |       ||   151
       Kick              |    17 |     9 |    30 |    15 ||    71
       Battleaxe         |       |       |    67 |    36 ||   103
 Fire: Shortbow          |    66 |    84 |   331 |    85 ||   566
Invok: Heroism           |       |       |     1 |     1 ||     2
  Use: Scroll            |    11 |       |     5 |     5 ||    21
       Potion            |       |     1 |       |     1 ||     2
  Eat: Chunk             |     1 |     5 |    12 |     4 ||    22
       Fruit             |       |       |     1 |       ||     1
Armor: Leather armour    |    48 |    37 |    19 |       ||   104
       Ring mail         |       |       |    33 |    30 ||    63
Dodge: Dodged            |    43 |    28 |    79 |    13 ||   163
